 Dungeon Crawl Stone Soup version 0.20.0-15-g7f486f2 (webtiles) character file.

257113 Gorglomux the Unseen (level 20, -4/137 HPs)
             Began as a Kobold Enchanter on June 9, 2017.
             Was an Elder of Nemelex Xobeh.
             Slain by an entropy weaver simulacrum (34 damage)
             ... on level 1 of the Vaults on June 10, 2017.
             The game lasted 02:59:51 (40239 turns).

Gorglomux the Unseen (Kobold Enchanter)            Turns: 40239, Time: 02:59:52

Health: -4/137     AC: 22    Str:  6    XL:     20   Next: 63%
Magic:  27/29      EV: 28    Int: 20    God:    Nemelex Xobeh [****..]
Gold:   2668       SH: 15    Dex: 23    Spells: 9/29 levels left

rFire    . . .     SeeInvis .   a - +3 dagger (elec)
rCold    . . .     Gourm    .   r - +3 buckler
rNeg     . . .     Faith    .   k - +4 troll leather armour
rPois    .         Spirit   .   y - +2 hat
rElec    .         Reflect  +   x - +2 cloak {MR+}
rCorr    .         Harm     .   g - +2 pair of gloves {Dex+3}
MR       +++..                  h - +2 pair of boots {run}
Stlth    ++++++++..             n - +4 amulet of reflection
Regen    1.8/turn               m - ring of protection from magic
MPRegen  0.3/turn               j - +3 ring of protection

@: regenerating, slowed, studying Armour, very slow
A: carnivore 3, deformed body
}: 2/15 runes: barnacled, gossamer
a: Triple Draw, Deal Four, Renounce Religion


You were on level 1 of the Vaults.
You worshipped Nemelex Xobeh.
Nemelex Xobeh was greatly pleased with you.
You were completely stuffed.

You visited 6 branches of the dungeon, and saw 32 of its levels.
You also visited: Sewer.

You collected 3912 gold pieces.
You spent 1244 gold pieces at shops.

Inventory:

Hand Weapons
 a - a +3 dagger of electrocution (weapon)
 b - the +2 hand crossbow "Deokulej" {speed, rElec rPois Str+2 Dex-5 SInv}
   (You found it on level 2 of the Spider Nest)

   Attacks with this weapon are significantly faster.
   It affects your strength (+2).
   It affects your dexterity (-5).
   It insulates you from electricity.
   It protects you from poison.
   It lets you see invisible.
 C - a +6 quick blade
Missiles
 K - 288 bolts
 Z - 5 throwing nets (quivered)
Armour
 g - a +2 pair of gloves of dexterity (worn)
 h - a +2 pair of boots of running (worn)
 k - a +4 troll leather armour (worn)
 r - a +3 buckler (worn)
 x - a +2 cloak of magic resistance (worn)
 y - a +2 hat (worn)
Jewellery
 f - an uncursed ring of protection from fire
 j - a +3 ring of protection (right hand)
 m - a ring of protection from magic (left hand)
 n - a +4 amulet of reflection (around neck)
 I - an uncursed ring of flight {unknown}
Wands
 p - a wand of acid (11/15)
 D - a wand of digging (10/24)
 O - a wand of clouds (6/9)
Scrolls
 t - 2 scrolls of fear
 w - 3 scrolls of immolation
 B - 4 scrolls of blinking
 E - 4 scrolls of recharging
 F - 7 scrolls of remove curse
 G - 5 scrolls of fog
 L - a scroll of holy word
 R - 3 scrolls of identify
 T - 4 scrolls of teleportation
Potions
 l - 4 potions of magic
 o - a potion of resistance
 v - 5 potions of might
 H - 4 potions of cancellation
 J - 8 potions of agility
 N - a potion of mutation {!q}
 Q - 8 potions of curing
 U - 6 potions of haste
 W - a potion of invisibility
 X - a potion of heal wounds
Books
 M - a manual of Armour
Miscellaneous
 c - a legendary deck of escape {drawn: 2} {god gift}
 d - a plain deck of summoning {drawn: 8} {god gift}
 e - an ornate deck of summoning {god gift}
 q - a plain deck of escape {Velocity, left: 3} {god gift}
 s - an ornate deck of destruction {drawn: 3} {god gift}
 u - a legendary deck of escape {the Shaft, left: 2} {god gift}
 A - a plain deck of destruction {Vitriol, left: 5} {god gift}
 S - an ornate deck of summoning {drawn: 3} {god gift}
 V - 2 phantom mirrors
 Y - a lamp of fire
Comestibles
 i - 24 royal jellies
 z - 8 meat rations


   Skills:
 + Level 18.3 Fighting
 - Level 11.0 Short Blades
 + Level 7.5 Crossbows
 + Level 6.9 Armour
 - Level 14.7 Dodging
 - Level 20.0 Stealth
 - Level 7.0 Shields
 - Level 5.0 Spellcasting
 - Level 13.7 Hexes
 - Level 4.0 Charms
 - Level 4.4 Necromancy
 + Level 4.8 Transmutations
 + Level 5.1 Earth Magic
 - Level 13.1 Invocations


You had 9 spell levels left.
You knew the following spells:

 Your Spells              Type           Power        Failure   Level  Hunger
j - Portal Projectile     Hex/Tloc       ####..       3%          3    ##.....
x - Confuse               Hex            ######..     1%          3    ##.....
z - Ensorcelled Hibernat  Hex/Ice        ####..       1%          2    None
R - Regeneration          Chrm/Necr      ###.......   9%          3    ##.....
W - Spectral Weapon       Hex/Chrm       #####...     1%          3    ##.....
Y - Statue Form           Tmut/Erth      ####.....    97%         6    #######


Dungeon Overview and Level Annotations

Branches:
Dungeon (15/15)            Temple (0/1) D:6            Lair (6/6) D:8
 Shoals (4/4) Lair:3       Spider (4/4) Lair:4        Slime (0/5) Lair:5
    Orc (2/2) D:11            Elf (0/3) Orc:2        Vaults (1/5) D:14
 Depths (0/5) D:15

Altars:
Cheibriados
Elyvilon
Hepliaklqana
Makhleb
Nemelex Xobeh
Okawaru
Ru
Sif Muna
Trog
Vehumet
Yredelemnul
The Shining One
Beogh
Jiyva

Shops:
D:10 *   Orc:2 (}([[

Portals:
Trove: D:11 (give +3 shadow dragon scales)

Annotations:
D:7 2 transporters


Innate Abilities, Weirdness & Mutations

You are small and have problems with some larger weapons.
You are carnivorous and can eat meat at any time.
Armour fits poorly on your strangely shaped body.


Message History

You hit something but do no damage. Something barely misses you.
You closely miss something. Something barely misses you.
You hit something. Something misses you.
You hit something. Something hits you! Something drains your vigour!
You feel as though you will be slow longer.
You hit something.
Reactivating autopickup.
You feel a bit more experienced.
The entropy weaver simulacrum hits you but does no damage.
The entropy weaver simulacrum hits you.
The entropy weaver simulacrum freezes you!!
* * * LOW HITPOINT WARNING * * *
You block the entropy weaver simulacrum's attack.
The entropy weaver simulacrum closely misses you. x2
The entropy weaver simulacrum hits you but does no damage.
The entropy weaver simulacrum hits you.
* * * LOW HITPOINT WARNING * * *
The entropy weaver simulacrum freezes you!!
You die...
Your body glows with a rainbow of weird colours and disappears.

##......## #..≈≈≈..#
#....#...## #..≈≈≈..#
##.#......## #..≈≈≈..#
####......# ......#
######......## ....#
#.........#..########'#####
#......##....#............#
#......###...#............#
#......##....@Z...........#
##>....###.#.#............#
##....# #####............#
##'#########............#
#.........###'###########
#...).....#.......#
#.>.......#.......+
#.........#.......#
#.........#.......# #.


You could see an entropy weaver simulacrum.

Vanquished Creatures
  Polyphemus (Shoals:2)
  A kraken (Shoals:1)
  Kirke (D:15)
  Roxanne (Shoals:2)
  Donald (Shoals:2)
  A ghost moth (Spider:4)
  A vault warden (Vaults:1)
  2 orc warlords
  5 emperor scorpions
  Aizul (Shoals:3)
  A stone giant (Orc:2)
  2 entropy weavers
  Nessos (D:14)
  2 spark wasps (Spider:4)
  A deep elf annihilator (Vaults:1)
  The ghost of tilp the Fencer, a journeyman HOFE of Vehumet (Orc:1)
  2 merfolk javelineers (Shoals:4)
  2 ettins (D:11)
  7 merfolk impalers
  2 fire dragons (D:15)
  The ghost of no0bjke the Grappler, a journeyman TrMo of Yredelemnul (D:13)
  A yaktaur captain (Vaults:1)
  2 great orbs of eyes
  A rakshasa (Vaults:1)
  Erolcha (Orc:1)
  9 hydras
  2 vault guards (Vaults:1)
  3 merfolk avatars
  2 catoblepae
  5 centaur warriors
  4 merfolk aquamancers
  An alligator (D:14)
  2 ogre magi
  3 orc high priests (Orc:2)
  25 two-headed ogres
  8 death yaks
  Urug (D:14)
  Sonja (Lair:1)
  2 deep elf knights (Vaults:1)
  A shadow wraith (Vaults:1)
  A skeletal warrior (Vaults:1)
  17 sea snakes
  6 orc knights
  An unseen horror (Vaults:1)
  19 harpies
  A swamp dragon (Lair:3)
  18 orb spiders
  3 ironbrand convokers (Vaults:1)
  11 ugly things
  29 wolf spiders
  3 cyclopes
  5 orc sorcerers
  16 manticores
  A cyclops (shapeshifter) (D:13)
  4 deep elf magi
  6 fauns
  3 moths of wrath
  A salamander (shapeshifter) (D:15)
  2 centaur zombies
  10 elephants
  3 black mambas
  7 merfolk sirens
  9 water nymphs
  3 torpor snails
  11 spiny frogs
  2 gargoyles
  9 komodo dragons
  8 yaktaurs (Vaults:1)
  3 rime drakes
  A guardian mummy (D:11)
  An efreet (D:14)
  A kobold demonologist (D:14)
  11 demonic crawlers
  2 freezing wraiths
  A queen bee (D:12)
  7 trolls
  17 merfolk
  6 meliai
  7 wind drakes
  4 polar bears
  11 hornets
  A tyrant leech (Spider:2)
  8 hippogriffs
  45 jumping spiders
  20 blink frogs
  5 slime creatures
  Prince Ribbit (D:8)
  A harpy skeleton (D:15)
  15 snapping turtles
  4 dream sheep (Shoals:3)
  A spriggan (Lair:2)
  6 wraiths
  30 tarantellas
  3 shadows
  43 yaks
  65 redbacks
  9 water elementals
  6 wyverns
  3 fire bats (Lair:6)
  Grum (D:8)
  A hog (D:15)
  16 humans (D:14)
  2 basilisks
  3 wargs
  4 vampire mosquitoes (D:14)
  5 hungry ghosts
  Edmund (D:4)
  9 swamp worms (Spider:3)
  2 soldier ants
  6 water moccasins
  14 porcupines
  A meliai simulacrum (D:11)
  3 black bears
  24 orc warriors
  2 sky beasts
  7 ice beasts
  2 phantoms
  3 necrophages
  20 wolves
  18 centaurs
  11 ogres
  15 crocodiles
  Blork the orc (D:5)
  16 bullfrogs
  5 big kobolds
  3 earth elementals (Spider:2)
  A gnoll sergeant (D:10)
  5 scorpions
  Dowan (D:6)
  26 killer bees
  An orc simulacrum (Vaults:1)
  6 howler monkeys
  5 wights (D:13)
  4 crimson imps
  A jelly (D:15)
  7 hounds
  3 quasits
  5 bullfrog zombies
  3 centaur skeletons
  3 bullfrog skeletons
  19 orc priests
  19 orc wizards
  Crazy Yiuf (D:6)
  5 iguanas
  12 worker ants
  4 hound skeletons
  4 worker ant zombies
  7 gnolls
  10 adders
  4 shadow imps
  14 worms
  2 dart slugs
  4 leopard geckos
  57 orcs
  7 giant cockroaches
  2 gnoll zombies (D:5)
  11 goblins
  6 hobgoblins
  4 jackals (D:3)
  36 kobolds
  4 quokkas
  A ball python (D:4)
  6 bats
  6 frilled lizards
  A goblin skeleton (D:5)
  4 hobgoblin zombies (D:5)
  3 kobold zombies (D:5)
  A leopard gecko skeleton (D:7)
  An orc skeleton (D:5)
  2 orc zombies (D:5)
  A quokka skeleton (D:6)
  8 rats
  2 fungi
  11 plants
1203 creatures vanquished.

Vanquished Creatures (collateral kills)
  Rupert (Lair:3)
  A ghost moth (Spider:4)
  An ettin (D:14)
  4 merfolk javelineers (Shoals:4)
  Josephine (D:11)
  5 merfolk impalers (Shoals:4)
  A hydra (Lair:6)
  A catoblepas (Lair:4)
  3 merfolk avatars
  2 merfolk aquamancers
  Erica (D:8)
  A satyr (Shoals:3)
  A two-headed ogre (D:11)
  An alligator snapping turtle (Shoals:4)
  A death yak (Lair:6)
  An orc high priest (Orc:2)
  2 skeletal warriors (Vaults:1)
  3 sea snakes (Shoals:4)
  5 orb spiders
  2 harpies
  A salamander (Vaults:1)
  2 ugly things (D:15)
  3 wolf spiders (Spider:4)
  A manticore (D:15)
  A cyclops (D:15)
  A faun (Shoals:3)
  3 merfolk sirens
  A centaur zombie (D:15)
  Psyche (D:8)
  2 komodo dragons
  3 demonic crawlers
  A wind drake (Shoals:1)
  3 jumping spiders
  13 merfolk
  3 tyrant leeches (Spider:2)
  A hornet (Lair:6)
  2 hippogriffs
  13 redbacks
  4 tarantellas
  6 water elementals
  3 yaks
  Eustachio (D:4)
  A warg (Orc:2)
  Duvessa (D:6)
  A water moccasin (Lair:6)
  2 orc warriors
  2 porcupines
  A black bear (Lair:2)
  3 ogres
  A wolf (D:8)
  A centaur (D:11)
  An earth elemental (Spider:2)
  2 scorpions (D:8)
  A hound (D:8)
  A jelly (D:8)
  3 orc priests (Orc:2)
  2 orc wizards
  A worker ant (D:11)
  An adder (D:11)
  An adder zombie (D:6)
  A leopard gecko (D:6)
  10 orcs
  A giant cockroach (Lair:4)
  A ball python (D:4)
  A fungus (D:8)
  6 plants (Shoals:4)
153 creatures vanquished.

Vanquished Creatures (others)
  Ilsuiw (Shoals:4)
  A merfolk aquamancer (Shoals:4)
  A glowing orange brain (Lair:3)
  2 skeletal warriors (Vaults:1)
  A death drake (Lair:3)
  An unseen horror (Lair:2)
  2 wolf spiders
  2 tarantellas
  4 yaks (Lair:6)
  3 humans (D:15)
  An orc warrior (Orc:1)
  A centaur (D:15)
  An electric eel (Lair:2)
  2 orc priests
  An orc wizard (Orc:1)
  3 ball lightnings
  3 orcs
  15 fungi
  26 plants
  20 spectral weapons
  4 tentacles (Shoals:1)
95 creatures vanquished.

Grand Total: 1451 creatures vanquished

Notes
Turn   | Place    | Note
-------+----------+-------------------------------------------
     0 | D:1      | Gorglomux the Kobold Enchanter began the quest for the Orb.
     0 | D:1      | Reached XP level 1. HP: 10/10 MP: 3/3
    92 | D:1      | Reached XP level 2. HP: 10/15 MP: 3/5
    96 | D:1      | Learned a level 2 spell: Ensorcelled Hibernation
   582 | D:1      | Reached XP level 3. HP: 15/20 MP: 2/6
  1239 | D:1      | Reached skill level 1 in Fighting
  1639 | D:2      | Learned a level 3 spell: Confuse
  1752 | D:2      | Found a snail-covered altar of Cheibriados.
  1847 | D:3      | Reached XP level 4. HP: 23/25 MP: 2/7
  2156 | D:3      | Found a faded altar of an unknown god.
  2222 | D:3      | Reached skill level 5 in Stealth
  2245 | D:3      | Became a worshipper of Nemelex Xobeh the Trickster
  2245 | D:3      | Received a gift from Nemelex Xobeh
  2245 | D:3      | Reached * piety under Nemelex Xobeh
  2245 | D:3      | Received a gift from Nemelex Xobeh
  2321 | D:3      | Reached XP level 5. HP: 30/30 MP: 9/9
  2614 | D:3      | Found a burning altar of Makhleb.
  3199 | D:4      | Reached skill level 3 in Short Blades
  3274 | D:4      | Found a glowing drain.
  3278 | D:4      | Noticed Eustachio
  3297 | D:4      | Noticed an insubstantial wisp
  3310 | D:4      | Killed Eustachio
  3310 | D:4      | Reached skill level 3 in Spellcasting
  3310 | D:4      | Reached XP level 6. HP: 15/36 MP: 4/10
  3742 | Sewer    | Entered a sewer
  3781 | Sewer    | Received a gift from Nemelex Xobeh
  4073 | D:4      | Noticed Edmund
  4096 | D:4      | Killed Edmund
  4096 | D:4      | Reached skill level 3 in Fighting
  4096 | D:4      | Reached skill level 6 in Stealth
  4096 | D:4      | Reached XP level 7. HP: 28/41 MP: 1/12
  4402 | D:4      | Reached ** piety under Nemelex Xobeh
  4555 | D:5      | Entered Level 5 of the Dungeon
  4562 | D:5      | Noticed Blork the orc
  4570 | D:5      | Killed Blork the orc
  4615 | D:5      | Received a gift from Nemelex Xobeh
  4753 | D:5      | You fall through a shaft!
  4799 | D:5      | Reached XP level 8. HP: 48/48 MP: 11/14
  4824 | D:5      | Found a glowing golden altar of the Shining One.
  5123 | D:5      | Found a deep blue altar of Sif Muna.
  5164 | D:5      | Reached skill level 7 in Stealth
  5217 | D:5      | Found a basalt altar of Yredelemnul.
  5273 | D:5      | Found a glowing golden altar of the Shining One.
  5698 | D:6      | Noticed Dowan
  5699 | D:6      | Noticed Duvessa
  5840 | D:6      | Killed Dowan
  5845 | D:6      | Killed Duvessa
  6388 | D:6      | Got a faintly glowing plate armour
  6399 | D:6      | Identified the +5 plate armour of Hecinogh {rC+ Str+6} (You found it on level 6 of the Dungeon)
  6449 | D:6      | HP: 2/48 [centaur/uncursed rapier (12)]
  6479 | D:6      | Reached skill level 6 in Short Blades
  6479 | D:6      | Reached skill level 8 in Stealth
  6479 | D:6      | Reached XP level 9. HP: 33/53 MP: 7/16
  6547 | D:6      | Found a radiant altar of Vehumet.
  6645 | D:6      | Found a staircase to the Ecumenical Temple.
  6720 | D:6      | Found a white marble altar of Elyvilon.
  7018 | D:6      | Found a runed door.
  7022 | D:6      | Noticed Crazy Yiuf
  7032 | D:6      | Killed Crazy Yiuf
  7121 | D:7      | Reached *** piety under Nemelex Xobeh
  7139 | D:7      | Found a hazy altar of Hepliaklqana.
  7161 | D:7      | Reached skill level 6 in Hexes
  7169 | D:7      | Reached skill level 9 in Stealth
  7249 | D:7      | Noticed a centaur warrior
  7257 | D:7      | Found a transporter.
  7274 | D:7      | Noticed a manticore
  7290 | D:7      | Killed a manticore
  7290 | D:7      | Reached skill level 6 in Fighting
  7345 | D:7      | Found a transporter.
  7372 | D:7      | Received a gift from Nemelex Xobeh
  7440 | D:7      | Reached XP level 10. HP: 60/61 MP: 13/17
  7508 | D:7      | Found a sacrificial altar of Ru.
  7775 | D:8      | Noticed a two-headed ogre
  7782 | D:8      | Killed a two-headed ogre
  7782 | D:8      | Reached skill level 10 in Stealth
  7809 | D:8      | Reached skill level 9 in Short Blades
  7810 | D:8      | Noticed Psyche
  7817 | D:8      | Noticed Grum
  7880 | D:8      | Noticed Erica
  8210 | D:8      | Killed Grum
  8220 | D:8      | Received a gift from Nemelex Xobeh
  8467 | D:8      | Killed Psyche
  8598 | D:8      | Reached skill level 11 in Stealth
  8629 | D:8      | Noticed a two-headed ogre
  8695 | D:8      | Killed a two-headed ogre
  8746 | D:8      | Found a staircase to the Lair.
  8752 | D:8      | Reached XP level 11. HP: 42/68 MP: 14/18
  8991 | D:8      | Killed Erica
  9274 | D:8      | Noticed a two-headed ogre
  9282 | D:8      | Killed a two-headed ogre
  9282 | D:8      | Reached skill level 12 in Stealth
  9354 | D:8      | Noticed Prince Ribbit
  9361 | D:8      | Killed Prince Ribbit
  9856 | D:9      | Noticed a two-headed ogre
  9867 | D:9      | Killed a two-headed ogre
  9867 | D:9      | Reached skill level 9 in Fighting
 10012 | D:9      | Found an iron altar of Okawaru.
 10013 | D:9      | Found a bloodstained altar of Trog.
 10065 | D:10     | Entered Level 10 of the Dungeon
 10143 | D:10     | Noticed a two-headed ogre
 10158 | D:10     | Reached skill level 9 in Hexes
 10313 | D:9      | Reached skill level 1 in Invocations
 10381 | D:10     | Found Syizour's Assorted Antiques.
 10399 | D:10     | Bought a golden potion for 24 gold pieces
 10399 | D:10     | Bought a scroll of fog for 54 gold pieces
 10399 | D:10     | Bought a scroll of identify for 54 gold pieces
 10399 | D:10     | Bought a glowing rapier for 189 gold pieces
 10405 | D:10     | Received a gift from Nemelex Xobeh
 10418 | D:10     | Reached skill level 3 in Dodging
 10473 | D:10     | Reached **** piety under Nemelex Xobeh
 10681 | D:10     | Killed a two-headed ogre
 10681 | D:10     | Reached XP level 12. HP: 77/77 MP: 12/19
 11348 | D:11     | Found a staircase to the Orcish Mines.
 11372 | D:11     | Reached skill level 13 in Stealth
 11398 | D:11     | Noticed Josephine
 11409 | D:11     | Killed Josephine
 11409 | D:11     | Reached skill level 3 in Invocations
 11559 | D:11     | Noticed a two-headed ogre
 11569 | D:11     | Killed a two-headed ogre
 11703 | D:11     | Noticed a two-headed ogre
 11718 | D:11     | Killed a two-headed ogre
 11745 | D:11     | Received a gift from Nemelex Xobeh
 11816 | D:11     | Found a portal to a secret trove of treasure.
 12521 | Lair:1   | Entered Level 1 of the Lair of Beasts
 12550 | Lair:1   | Reached skill level 6 in Dodging
 12571 | Lair:1   | Received a gift from Nemelex Xobeh
 12869 | Lair:1   | Noticed Sonja
 12934 | Lair:1   | Killed Sonja
 12934 | Lair:1   | Reached skill level 1 in Armour
 12934 | Lair:1   | Reached XP level 13. HP: 70/83 MP: 16/20
 12984 | Lair:1   | Reached skill level 14 in Stealth
 13180 | Lair:1   | Reached ***** piety under Nemelex Xobeh
 13362 | Lair:1   | Received a gift from Nemelex Xobeh
 13622 | Lair:2   | Received a gift from Nemelex Xobeh
 13790 | Lair:2   | Received a gift from Nemelex Xobeh
 13869 | Lair:2   | Noticed a four-headed hydra
 14208 | Lair:2   | Received a gift from Nemelex Xobeh
 14401 | Lair:2   | Received a gift from Nemelex Xobeh
 14643 | Lair:3   | Noticed Rupert
 14659 | Lair:3   | Killed Rupert
 14659 | Lair:3   | Reached skill level 6 in Invocations
 14721 | Lair:3   | Found a staircase to the Shoals.
 15062 | Lair:3   | Reached skill level 3 in Armour
 15158 | Lair:3   | Identified a scroll of acquirement
 15564 | Lair:4   | Noticed a catoblepas
 15576 | Lair:4   | Killed a four-headed hydra
 15661 | Lair:4   | Found a hole to the Spider Nest.
 15775 | Lair:4   | Killed a catoblepas
 15996 | Lair:4   | Reached XP level 14. HP: 90/90 MP: 21/21
 16504 | Lair:5   | Received a gift from Nemelex Xobeh
 16591 | Lair:5   | Reached skill level 15 in Stealth
 16719 | Lair:5   | Reached skill level 1 in Shields
 16905 | Lair:5   | Found a staircase to the Slime Pits.
 16905 | Lair:5   | Found a viscous altar of Jiyva.
 16915 | Lair:5   | Received a gift from Nemelex Xobeh
 17013 | Lair:5   | Reached skill level 3 in Shields
 17251 | Lair:6   | Entered Level 6 of the Lair of Beasts
 17656 | Lair:6   | Received a gift from Nemelex Xobeh
 17719 | Lair:6   | Reached skill level 6 in Shields
 18306 | Lair:6   | Reached skill level 9 in Dodging
 18408 | Lair:6   | Identified the Almanac of Anarchy
 18458 | Lair:6   | Reached XP level 15. HP: 96/96 MP: 13/22
 18507 | Lair:6   | Reached skill level 12 in Fighting
 19086 | D:12     | Received a gift from Nemelex Xobeh
 19865 | D:12     | You fall through a shaft for 2 floors!
 19876 | D:14     | Received a gift from Nemelex Xobeh
 20151 | D:14     | Reached ****** piety under Nemelex Xobeh
 20208 | D:14     | Found a gate to the Vaults.
 20215 | D:14     | Noticed Nessos
 20277 | D:14     | Noticed Urug
 20290 | D:14     | Killed Urug
 20388 | D:14     | Killed Nessos
 20402 | D:14     | Reached skill level 16 in Stealth
 20411 | D:14     | Reached skill level 12 in Hexes
 20455 | D:14     | Reached skill level 9 in Invocations
 20685 | D:14     | Received a gift from Nemelex Xobeh
 21134 | D:14     | Noticed Louise
 21142 | D:14     | Noticed Louise
 21142 | D:14     | Louise changed into Louise the ettin
 21146 | D:14     | Killed Louise the ettin
 21264 | D:15     | Entered Level 15 of the Dungeon
 21292 | D:15     | Reached XP level 16. HP: 58/104 MP: 23/23
 21433 | D:15     | Noticed Kirke
 21447 | D:15     | Killed Kirke
 21539 | D:15     | Received a gift from Nemelex Xobeh
 21830 | D:15     | Found a staircase to the Depths.
 22709 | D:13     | Received a gift from Nemelex Xobeh
 22897 | D:13     | Noticed no0bjke's ghost (journeyman TrMo)
 22935 | D:13     | Killed no0bjke's ghost
 23109 | D:13     | Received a gift from Nemelex Xobeh
 23801 | Orc:1    | Entered Level 1 of the Orcish Mines
 23825 | Orc:1    | Noticed tilp's ghost (journeyman HOFE)
 24116 | Orc:1    | Killed tilp's ghost
 24121 | Orc:1    | Noticed Erolcha
 24238 | Orc:1    | Killed Erolcha
 24242 | Orc:1    | Received a gift from Nemelex Xobeh
 24568 | Orc:2    | Entered Level 2 of the Orcish Mines
 24651 | Orc:1    | Reached skill level 17 in Stealth
 24956 | Orc:2    | Found Mycsixyn's Antique Weapon Shop.
 24965 | Orc:2    | Found a staircase to the Elven Halls.
 25199 | Orc:2    | Reached skill level 15 in Fighting
 25698 | Orc:2    | Reached skill level 12 in Dodging
 25849 | Orc:2    | Reached XP level 17. HP: 78/113 MP: 12/25
 26006 | Orc:2    | Found Herus's Gadget Shop.
 26006 | Orc:2    | Found Efree's Armour Shoppe.
 26008 | Orc:2    | Found Ziqic's Weapon Shop.
 26008 | Orc:2    | Found Wodd's Armour Shoppe.
 26025 | Orc:2    | Bought a +1 pair of boots of running for 401 gold pieces
 26221 | Orc:2    | Found a roughly hewn altar of Beogh.
 26523 | Orc:2    | Bought a runed demon trident for 522 gold pieces
 26872 | Spider:1 | Entered Level 1 of the Spider Nest
 26872 | Spider:1 | Received a gift from Nemelex Xobeh
 27264 | Spider:1 | Got a brightly glowing ring mail
 27275 | Spider:1 | Identified the +5 ring mail "Arugrion" {Str+6} (You found it on level 1 of the Spider Nest)
 28123 | Spider:2 | Received a gift from Nemelex Xobeh
 28669 | Spider:2 | Identified the cursed +2 hand crossbow "Deokulej" {speed, rElec rPois Str+2 Dex-5 SInv} (You found it on level 2 of the Spider Nest)
 28748 | Spider:2 | Received a gift from Nemelex Xobeh
 28843 | Spider:2 | Learned a level 3 spell: Spectral Weapon
 28847 | Spider:2 | Learned a level 3 spell: Regeneration
 29481 | Spider:3 | Received a gift from Nemelex Xobeh
 29517 | Spider:3 | Reached skill level 18 in Stealth
 30176 | Spider:3 | Reached skill level 1 in Necromancy
 30481 | Spider:3 | Reached skill level 1 in Charms
 30481 | Spider:3 | Reached XP level 18. HP: 122/122 MP: 26/26
 30890 | Spider:4 | Entered Level 4 of the Spider Nest
 30982 | Spider:4 | Received a gift from Nemelex Xobeh
 32057 | Spider:3 | Reached skill level 3 in Necromancy
 32160 | Spider:3 | Reached skill level 12 in Invocations
 32198 | Spider:3 | Identified the +0 leather armour of the Crown {*Slow rPois rC+ Dex+10} (You took it off a meliai on level 3 of the Spider Nest)
 32300 | Spider:4 | Reached skill level 3 in Charms
 33146 | Spider:4 | Paralysed by a hornet for 1 turns
 33507 | Spider:4 | Paralysed by a hornet for 2 turns
 33841 | Spider:4 | Got a gossamer rune of Zot
 34076 | Shoals:1 | Entered Level 1 of the Shoals
 34098 | Shoals:1 | Received a gift from Nemelex Xobeh
 34252 | Shoals:1 | Received a gift from Nemelex Xobeh
 34719 | Shoals:1 | Noticed a kraken
 34777 | Shoals:1 | Killed a kraken
 34777 | Shoals:1 | Reached skill level 1 in Crossbows
 34777 | Shoals:1 | Reached XP level 19. HP: 128/128 MP: 13/28
 35006 | Shoals:1 | Reached skill level 19 in Stealth
 35656 | Shoals:2 | Received a gift from Nemelex Xobeh
 35715 | Shoals:2 | Noticed Donald
 35732 | Shoals:2 | Killed Donald
 35732 | Shoals:2 | Reached skill level 3 in Crossbows
 35804 | Shoals:2 | Noticed Polyphemus
 35860 | Shoals:2 | Killed Polyphemus
 36087 | Shoals:2 | Noticed Roxanne
 36177 | Shoals:2 | Received a gift from Nemelex Xobeh
 36340 | Shoals:2 | Gained mutation: Armour fits poorly on your strangely shaped body. [a neqoxec]
 36370 | Shoals:2 | Killed Roxanne
 36383 | Shoals:2 | Identified Roxanne's Grimoire of Stones (You took it off Roxanne on level 2 of the Shoals)
 36392 | Shoals:2 | Learned a level 6 spell: Statue Form
 36531 | Shoals:3 | Found a runed door.
 36663 | Shoals:3 | Reached skill level 1 in Earth Magic
 36711 | Shoals:3 | Reached skill level 1 in Transmutations
 37069 | Shoals:3 | Noticed Aizul
 37079 | Shoals:3 | Killed Aizul
 37500 | Shoals:3 | Received a gift from Nemelex Xobeh
 37571 | Shoals:4 | Entered Level 4 of the Shoals
 37743 | Shoals:4 | Identified the Papyrus of Cold and the Rocks
 37760 | Shoals:4 | Reached skill level 3 in Earth Magic
 37931 | Shoals:4 | Reached skill level 3 in Transmutations
 38012 | Shoals:4 | Reached skill level 6 in Crossbows
 38036 | Shoals:4 | Reached XP level 20. HP: 30/136 MP: 10/29
 38038 | Shoals:4 | HP: 4/136 [merfolk aquamancer/torrent of water (29)]
 38141 | Shoals:4 | Got a barnacled rune of Zot
 38370 | Shoals:4 | Noticed Ilsuiw
 38413 | Shoals:4 | Reached skill level 18 in Fighting
 38426 | Shoals:4 | Killed Ilsuiw
 38776 | Shoals:4 | Learned a level 3 spell: Portal Projectile
 39171 | Vaults:1 | Entered Level 1 of the Vaults
 39183 | Vaults:1 | Got a brightly glowing silver ring
 39252 | Vaults:1 | Identified the ring of Tiabb {*Slow rElec MP+9 Str+5} (You found it on level 1 of the Vaults)
 39440 | Vaults:1 | Reached skill level 6 in Armour
 39561 | Vaults:1 | Reached skill level 20 in Stealth
 40140 | Vaults:1 | Received a gift from Nemelex Xobeh
 40239 | Vaults:1 | Slain by an entropy weaver simulacrum

Skill      XL: |  1  2  3  4  5  6  7  8  9 10 11 12 13 14 15 16 17 18 19 20 |
---------------+-------------------------------------------------------------+-----
Short Blades   | 2 3 4 6 8 9 11 | 11.0
Fighting       | 1 2 3 4 6 8 9 10 11 13 15 16 17 18 | 18.3
Stealth        | 5 6 8 9 11 12 13 14 15 16 17 18 19 20 | 20.0
Spellcasting   | 3 4 5 |  5.0
Hexes          | 4 5 6 7 9 10 11 12 13 | 13.7
Invocations    | 2 5 6 7 9 10 11 12 13 | 13.1
Dodging        | 3 6 8 9 10 12 13 14 | 14.7
Armour         | 1 3 4 6 |  6.9
Shields        | 7 |  7.0
Necromancy     | 1 4 |  4.4
Charms         | 1 4 |  4.0
Crossbows      | 1 6 7 |  7.5
Earth Magic    | 3 5 |  5.1
Transmutations | 3 4 |  4.8

Action                   |  1- 3 |  4- 6 |  7- 9 | 10-12 | 13-15 | 16-18 | 19-21 || total
-------------------------+-------+-------+-------+-------+-------+-------+-------++-------
Melee: Dagger            |    99 |   161 |   298 |   505 |  1209 |  2235 |  1127 ||  5634
 Fire: Hand crossbow     |       |       |       |       |       |    23 |     6 ||    29
 Cast: Corona            |     1 |       |       |       |       |       |       ||     1
       Ensorcelled Hiber |    15 |    15 |    41 |    76 |    81 |   248 |    62 ||   538
       Confuse           |     1 |     7 |    31 |    49 |    63 |   131 |    39 ||   321
       Spectral Weapon   |       |       |       |       |       |    22 |    37 ||    59
       Regeneration      |       |       |       |       |       |    32 |    30 ||    62
Invok: Deal Four         |       |       |       |       |     3 |     3 |     5 ||    11
       Triple Draw       |       |       |       |       |     2 |       |       ||     2
       Stack Five        |       |       |       |       |       |     3 |     1 ||     4
Evoke: Deck              |       |     4 |     8 |    14 |    48 |    34 |    37 ||   145
       Wand              |       |       |       |       |     7 |    13 |       ||    20
  Use: Scroll            |       |     7 |    10 |     9 |    19 |    13 |    11 ||    69
       Potion            |       |       |     1 |     1 |     3 |     4 |     2 ||    11
 Stab: Sleeping          |    19 |    15 |    28 |    55 |    77 |   155 |    40 ||   389
       Confused          |     1 |     3 |    14 |    19 |    24 |    60 |    19 ||   140
       Distracted        |       |       |     2 |     5 |     7 |    23 |    24 ||    61
       Petrifying        |       |       |     1 |       |     1 |     2 |       ||     4
       Petrified         |       |       |       |       |     3 |     1 |     1 ||     5
       Paralysed         |       |       |       |       |       |     1 |       ||     1
  Eat: Chunk             |    12 |     9 |    14 |    25 |    31 |    56 |    26 ||   173
Armor: Robe              |     9 |    26 |    48 |    46 |       |       |       ||   129
       Troll leather arm |       |       |       |    13 |   169 |   371 |   154 ||   707
Dodge: Dodged            |    68 |   145 |   170 |   302 |   736 |  2006 |   910 ||  4337
Block: Buckler           |       |       |       |       |   248 |  1082 |   748 ||  2078
       Reflection        |       |       |       |       |       |     5 |    17 ||    22
